 Dungeon Crawl Stone Soup version 0.19-a0-1008-g4c63d25 (webtiles) character file.

31203 kae the Fencer (level 13, -1/110 HPs)
             Began as a Minotaur Fighter on July 22, 2016.
             Was an Elder of Makhleb.
             Slain by a catoblepas (4 damage)
             ... on level 5 of the Lair of Beasts.
             The game lasted 00:26:56 (16836 turns).

kae the Fencer (Minotaur Fighter)                  Turns: 16836, Time: 00:26:57

Health: -1/110     AC: 12    Str: 27    XL:     13   Next: 24%
Magic:  20/20      EV:  2    Int:  9    God:    Makhleb [****..]
Gold:   971        SH:  0    Dex: 11    Spells: 0 memorised, 12 levels left

rFire  . . .     SeeInvis .     a - +1 long sword (freeze)
rCold  . . .     Gourm    .     y - +4 ring mail
rNeg   + + +     Faith    .     c - +0 shield
rPois  ∞         Spirit   .     (helmet restricted)
rElec  .         Dismiss  .     x - +1 cloak
rCorr  .         Reflect  .     (no gloves)
SustAt .         Harm     .     (no boots)
MR     .....                    (no amulet)
Stlth  +.........               C - ring of poison resistance
                                U - +4 ring of strength

@: petrified, not resistant to hostile enchantments, very unstealthy
A: retaliatory headbutt, beak, horns 2, clever 1
a: Minor Destruction, Lesser Servant of Makhleb, Major Destruction, Renounce
Religion


You were on level 5 of the Lair of Beasts.
You worshipped Makhleb.
Makhleb was greatly pleased with you.
You were not hungry.

You visited 2 branches of the dungeon, and saw 15 of its levels.
You also visited: Ossuary.

You collected 971 gold pieces.

Inventory:

Hand Weapons
 a - a +1 long sword of freezing (weapon)
Armour
 c - a +0 shield (worn)
 x - a +1 cloak (worn)
 y - a +4 ring mail (worn)
Jewellery
 p - an uncursed ring of protection from fire
 t - an uncursed ring of sustain attributes
 C - a ring of poison resistance (right hand)
 G - an uncursed amulet of faith
 Q - an uncursed ring of see invisible
 U - a +4 ring of strength (left hand)
Wands
 n - a wand of teleportation (3/9)
 q - a wand of iceblast (6/15)
 u - a wand of disintegration (12/24)
 z - a wand of teleportation (5/9)
 D - a wand of enslavement (9/24)
 E - a wand of lightning (6/15)
 H - a wand of polymorph (10/24)
 M - a wand of iceblast (8/15)
 N - a wand of acid (4/15)
 W - a wand of digging (18/24)
Scrolls
 d - 7 scrolls of identify
 e - 4 scrolls of remove curse
 m - 6 scrolls of enchant weapon
 o - a scroll of brand weapon
 A - 3 scrolls of fog
 F - a scroll of recharging
 J - 2 scrolls of magic mapping
 O - 2 scrolls of enchant armour
 T - a scroll of amnesia
 V - a scroll of summoning
 Z - 3 scrolls of teleportation
Potions
 b - a potion of ambrosia
 h - 7 potions of curing
 i - 4 potions of flight
 j - a potion of haste
 s - a potion of lignification
 w - a potion of heal wounds
 I - a potion of invisibility {unknown}
 L - a potion of magic
 S - a potion of cure mutation
 X - a potion of berserk rage
 Y - a potion of cancellation
Books
 B - a book of Frost

   Spells                             Type                      Level
   a - Freeze                         Ice                          1
   b - Throw Frost                    Conjuration/Ice              2
   c - Ozocubu's Armour               Charms/Ice                   3
   d - Throw Icicle                   Conjuration/Ice              4
   e - Summon Ice Beast               Ice/Summoning                4
 P - a Necronomicon

   Spells                             Type                      Level
   a - Haunt                          Necromancy/Summoning         7
   b - Borgnjor's Revivification      Necromancy                   8
   c - Death's Door                   Charms/Necromancy            8
   d - Infestation                    Necromancy                   8
   e - Necromutation                  Transmutation/Necromancy     8
Comestibles
 f - 11 bread rations
 g - 4 meat rations
 k - 10 royal jellies
 l - 4 beef jerkies
 r - 11 fruits
 v - 2 slices of pizza


   Skills:
 * Level 8.8 Fighting
 - Level 20.0 Long Blades
 + Level 6.3 Armour
 - Level 3.6 Shields
 - Level 11.0 Invocations


You had 12 spell levels left.
You didn't know any spells.

Dungeon Overview and Level Annotations

Branches:
Dungeon (10/15)            Temple (0/1) D:5            Lair (5/6) D:10
  Swamp (0/4) Lair:4        Snake (0/4) Lair:2          Orc (0/2) D:10
  Slime: Lair:5-6

Altars:
Ashenzari
Fedhas
Gozag
Makhleb
Okawaru
Qazlal
Sif Muna
Trog
Uskayaw
Yredelemnul
Zin

Shops:
D:4 [   D:5 }   D:8 (

Annotations:
Lair:3 exclusion: oklob plant


Innate Abilities, Weirdness & Mutations

You reflexively headbutt those who attack you in melee.
You have a pair of horns on your head.
You have a beak for a mouth.
Your mind is acute. (Int +2)


Message History

The catoblepas breathes a plume of calcifying dust at you.
The blast of calcifying dust hits you!
The water moccasin is engulfed in calcifying dust.
You have turned to stone.
You are engulfed in calcifying dust.
The catoblepas gores you.
* * * LOW HITPOINT WARNING * * *
You are engulfed in calcifying dust.
The catoblepas gores you but does no damage.
You are engulfed in calcifying dust.
The catoblepas gores you but does no damage.
The crocodile bites you but does no damage.
The catoblepas breathes a plume of calcifying dust at you.
The blast of calcifying dust hits you! The crocodile bites you!
* * * LOW HITPOINT WARNING * * *
You are engulfed in calcifying dust.
The catoblepas gores you!!
* * * LOW HITPOINT WARNING * * *
The crocodile bites you!
* * * LOW HITPOINT WARNING * * *
You are engulfed in calcifying dust.
The catoblepas gores you!
You die...

###### ##P##.##### # ####
###..#..#...###
######..####.§........#.#P
#........##.§..........#..
#>..........#.............
.........#............P...
.........@..#.............
P......SY#t.PP...........#
#......<..............#...
#$........#...............
####....#.###.........####
##..#### #.........# #
#..## ##+....##.# ....#.
...... ### # ###.P...
..##...## ##


You could see a catoblepas, a water moccasin (petrified) and a crocodile.

Vanquished Creatures
  Gastronok (Lair:2)
  3 hydras
  2 death yaks (Lair:2)
  Sonja (Lair:3)
  A hill giant (D:10)
  An oklob plant (D:10)
  3 elephants (Lair:2)
  Joseph (D:8)
  3 black mambas
  7 spiny frogs
  5 komodo dragons
  2 rime drakes
  A queen bee (Lair:5)
  A troll (D:10)
  7 polar bears
  3 meliai (Lair:5)
  4 blink frogs
  Grinder (D:3)
  Prince Ribbit (D:7)
  Sigmund (D:6)
  6 yaks
  A hungry ghost (D:9)
  4 hippogriffs
  A steam dragon (Lair:5)
  2 nagas (Lair:2)
  An insubstantial wisp (Lair:4)
  9 water moccasins
  Duvessa (D:7)
  8 porcupines
  4 sky beasts
  5 orc warriors
  2 ice beasts
  A phantom (D:7)
  A black bear (D:7)
  9 ogres
  15 wolves
  4 centaurs
  10 crocodiles
  2 big kobolds (D:10)
  Blork the orc (D:5)
  10 giant frogs
  3 gnoll sergeants
  Dowan (D:7)
  A wyvern skeleton (D:7)
  A scorpion (D:6)
  21 killer bees (Lair:5)
  5 wights (D:6)
  2 electric eels (Lair:1)
  2 howler monkeys (D:4)
  3 crimson imps
  4 centaur zombies
  2 giant frog zombies
  3 quasits
  2 human zombies (Ossuary)
  5 orc priests
  Crazy Yiuf (D:2)
  A jelly (D:10)
  2 hounds
  Jessica (D:3)
  Terence (D:2)
  8 iguanas
  2 orc wizards
  Ijyb (D:2)
  5 worker ants
  8 sheep (Lair:5)
  A big kobold zombie (Ossuary)
  2 hound zombies
  3 mummies (Ossuary)
  14 gnolls
  11 adders
  3 shadow imps
  7 adder zombies
  An adder skeleton (D:8)
  2 worms
  2 dart slugs (D:1)
  3 giant geckos
  36 orcs
  9 bats
  4 giant cockroaches
  2 gnoll zombies (Ossuary)
  9 goblins
  6 hobgoblins
  5 jackals
  5 quokkas
  4 ball pythons
  5 giant newts
  2 goblin zombies (Ossuary)
  4 hobgoblin zombies (Ossuary)
  4 jackal zombies (Ossuary)
  6 kobolds
  3 kobold zombies (Ossuary)
  2 orc zombies (Ossuary)
  4 quokka zombies (Ossuary)
  11 rats
  3 rat zombies (Ossuary)
  A plant (D:10)
405 creatures vanquished.

Vanquished Creatures (collateral kills)
  2 hydras
  5 death yaks
  2 elephants (Lair:2)
  A spiny frog (Lair:3)
  A komodo dragon (Lair:3)
  3 blink frogs
  A polar bear (Lair:3)
  2 yaks (Lair:3)
  2 basilisks
  2 hippogriffs (Lair:2)
  2 insubstantial wisps (Lair:4)
  5 nagas (Lair:2)
  A water moccasin (Lair:2)
  3 wolves
  A crocodile (Lair:4)
  3 giant frogs (Lair:2)
  An electric eel (Lair:3)
  3 fungi
40 creatures vanquished.

Vanquished Creatures (others)
  8 fungi
  9 plants
17 creatures vanquished.

Grand Total: 462 creatures vanquished

Notes
Turn   | Place    | Note
-------+----------+-------------------------------------------
     0 | D:1      | kae the Minotaur Fighter began the quest for the Orb.
     0 | D:1      | Reached XP level 1. HP: 19/19 MP: 0/0
    37 | D:1      | Found a shattered altar of Ashenzari.
   102 | D:1      | Reached skill level 3 in Long Blades
   168 | D:1      | Reached XP level 2. HP: 25/26 MP: 1/1
   435 | D:1      | Reached skill level 4 in Long Blades
   983 | D:2      | Noticed Terence
   985 | D:2      | Reached XP level 3. HP: 31/31 MP: 2/2
   992 | D:2      | Killed Terence
   994 | D:2      | Reached skill level 5 in Long Blades
  1049 | D:2      | Reached XP level 4. HP: 33/39 MP: 3/3
  1225 | D:2      | Noticed Ijyb
  1234 | D:2      | Killed Ijyb
  1325 | D:2      | Found a runed door.
  1561 | D:2      | Noticed Crazy Yiuf
  1568 | D:2      | Killed Crazy Yiuf
  1568 | D:2      | Reached skill level 6 in Long Blades
  1824 | D:3      | Reached XP level 5. HP: 42/45 MP: 4/4
  2268 | D:3      | Noticed Grinder
  2283 | D:3      | Killed Grinder
  2283 | D:3      | Reached skill level 8 in Long Blades
  2283 | D:3      | Reached XP level 6. HP: 33/51 MP: 5/5
  2353 | D:3      | Noticed Jessica
  2354 | D:3      | Killed Jessica
  2627 | D:4      | Found Nuf Rank's Armour Shop.
  2644 | D:4      | Reached skill level 9 in Long Blades
  2684 | D:4      | Gained mutation: You have a beak for a mouth. [potion of beneficial mutation]
  2727 | D:4      | Reached XP level 7. HP: 25/57 MP: 6/6
  3091 | D:4      | Found a stormy altar of Qazlal.
  3252 | D:5      | Entered Level 5 of the Dungeon
  3252 | D:5      | Noticed Blork the orc
  3308 | D:5      | Killed Blork the orc
  3308 | D:5      | Reached skill level 10 in Long Blades
  3440 | D:5      | Found Nuafeda's Gadget Emporium.
  3464 | D:5      | Found a basalt altar of Yredelemnul.
  3719 | D:5      | Found a staircase to the Ecumenical Temple.
  3806 | D:5      | Found a burning altar of Makhleb.
  3851 | D:5      | Reached skill level 11 in Long Blades
  4135 | D:5      | Became a worshipper of Makhleb the Destroyer
  4189 | D:5      | Reached XP level 8. HP: 64/64 MP: 7/7
  4196 | D:5      | Found a blossoming altar of Fedhas.
  4479 | D:5      | Reached skill level 1 in Invocations
  4792 | D:6      | Noticed Sigmund
  4941 | D:6      | Killed Sigmund
  4941 | D:6      | Reached skill level 12 in Long Blades
  5068 | D:6      | Found a deep blue altar of Sif Muna.
  5137 | D:6      | Reached * piety under Makhleb
  5430 | D:7      | Reached skill level 13 in Long Blades
  5430 | D:7      | Reached XP level 9. HP: 70/70 MP: 10/10
  5557 | D:7      | Noticed Prince Ribbit
  5604 | D:7      | Killed Prince Ribbit
  5941 | D:7      | Noticed Duvessa
  5941 | D:7      | Noticed Dowan
  5952 | D:7      | Killed Duvessa
  5964 | D:7      | Reached skill level 5 in Invocations
  5971 | D:7      | Killed Dowan
  5971 | D:7      | Reached ** piety under Makhleb
  5971 | D:7      | Reached skill level 14 in Long Blades
  6146 | D:8      | Found a sand-covered staircase.
  6220 | D:8      | Found an iron altar of Okawaru.
  6233 | Ossuary  | Entered an ossuary
  6370 | Ossuary  | Reached *** piety under Makhleb
  6522 | D:8      | Found an opulent altar of Gozag.
  6524 | D:8      | Found a hide-covered altar of Uskayaw.
  6527 | D:8      | Found a bloodstained altar of Trog.
  6528 | D:8      | Found a stormy altar of Qazlal.
  6613 | D:8      | Found Efaa's Weapon Shop.
  6809 | D:8      | Found a glowing silver altar of Zin.
  6884 | D:8      | Noticed Joseph
  6902 | D:8      | Killed Joseph
  6902 | D:8      | Reached XP level 10. HP: 34/77 MP: 13/13
  7607 | D:9      | Reached skill level 15 in Long Blades
  7644 | D:9      | Reached **** piety under Makhleb
  8675 | D:10     | Entered Level 10 of the Dungeon
  8855 | D:10     | Noticed a hill giant
  8864 | D:10     | Killed a hill giant
  8914 | D:10     | Reached skill level 16 in Long Blades
  8934 | D:10     | Found a staircase to the Lair.
  8936 | D:10     | Noticed an oklob plant
  9090 | D:10     | Found a staircase to the Orcish Mines.
  9143 | D:10     | Reached ***** piety under Makhleb
  9246 | D:10     | Killed an oklob plant
  9246 | D:10     | Reached XP level 11. HP: 74/82 MP: 16/16
  9304 | Lair:1   | Entered Level 1 of the Lair of Beasts
  9886 | Lair:1   | Noticed a six-headed hydra
  9890 | Lair:1   | Killed a six-headed hydra
  9890 | Lair:1   | Reached skill level 17 in Long Blades
 10142 | Lair:1   | Gained mutation: Your mind is acute. (Int +2) [potion of beneficial mutation]
 10775 | Lair:2   | Noticed a death yak
 10776 | Lair:2   | Noticed a death yak
 10823 | Lair:2   | Killed a death yak
 10831 | Lair:2   | Killed a death yak
 11201 | Lair:2   | Reached skill level 18 in Long Blades
 11350 | Lair:2   | Noticed a death yak
 11351 | Lair:2   | Noticed a death yak
 11358 | Lair:2   | Noticed a death yak
 11358 | Lair:2   | Killed a death yak
 11371 | Lair:2   | Killed a death yak
 11372 | Lair:2   | Killed a death yak
 11574 | Lair:2   | Noticed an eight-headed hydra
 11585 | Lair:2   | Killed an eight-headed hydra
 11585 | Lair:2   | Reached XP level 12. HP: 48/90 MP: 18/18
 11933 | Lair:2   | Found a staircase to the Snake Pit.
 11946 | Lair:2   | Reached skill level 10 in Invocations
 12052 | Lair:2   | Noticed Gastronok
 12062 | Lair:2   | Killed Gastronok
 12062 | Lair:2   | Reached skill level 19 in Long Blades
 12702 | Lair:3   | Noticed Sonja
 12706 | Lair:3   | Killed Sonja
 13068 | Lair:3   | Noticed a four-headed hydra
 13075 | Lair:3   | Killed a four-headed hydra
 13717 | Lair:4   | Noticed a four-headed hydra
 13725 | Lair:4   | Killed a four-headed hydra
 13784 | Lair:4   | Found a staircase to the Swamp.
 13994 | Lair:4   | Reached skill level 20 in Long Blades
 14076 | Lair:4   | Noticed a death yak
 14079 | Lair:4   | Noticed a death yak
 14525 | Lair:3   | Killed a death yak
 14649 | Lair:3   | Reached skill level 5 in Fighting
 15073 | Lair:4   | Noticed a death yak
 15073 | Lair:4   | Noticed a death yak
 15075 | Lair:4   | Noticed a death yak
 15170 | Lair:3   | Killed a death yak
 15555 | Lair:4   | Noticed a six-headed hydra
 15568 | Lair:4   | Killed an eight-headed hydra
 15700 | Lair:4   | Reached skill level 5 in Armour
 15886 | Lair:4   | Reached XP level 13. HP: 45/104 MP: 20/20
 16835 | Lair:5   | HP: 3/110 [crocodile (4)]
 16836 | Lair:5   | Slain by a catoblepas

Vault maps used:
D:1:      saegor_arrival_simple_d, ashenzari_altar_1
D:2:      uniq_iyjb, uniq_crazy_yiuf_cottage, uniq_terence
D:3:      first_bread, uniq_jessica, uniq_grinder
D:4:      serial_shops, shop, nicolae_qazlal_general_emergency
D:5:      old_standard_altar, overflow_temple_1_default,
          nicolae_overflow_hidden_temple, serial_shops, shop, uniq_blork_the_orc
D:6:      kennysheep_mini_moat, st_stairs_8, uniq_sigmund
D:7:      uniq_prince_ribbit1, uniq_duvessa
D:8:      zin_academy, grunt_temple_overflow_open, serial_shops,
          nicolae_shop_temple_entry_statues_fountains,
          nicolae_ossuary_entry_monument, uniq_joseph
D:10:     dpeg_oklobed_lair, kennysheep_orc_monster_closet_entryway
Lair:1:   serial_bayou, serial_bayou_lagoon_b, serial_bayou_pond_a,
          serial_bayou_pond_a, serial_bayou_pond_c, serial_bayou_pond_a
Lair:2:   minmay_snake_entry_guardpost_large, infiniplex_staircase_pool_2,
          uniq_gastronok
Lair:3:   lemuel_fruit_fields, serial_bayou_shore_a, serial_bayou_shore_b,
          uniq_sonja
Lair:4:   minmay_swamp_entry_wisps, beast_lair_carwin_4
Lair:5:   special_room, beast_lair_carwin_3
Ossuary:  minmay_ossuary_two_tombs

Skill      XL: |  1  2  3  4  5  6  7  8  9 10 11 12 13 |
---------------+----------------------------------------+-----
Long Blades    | 3 4 5 6 8 9 11 13 14 16 18 20 | 20.0
Invocations    | 3 6 8 9 11 | 11.0
Fighting       | 6 8 |  8.8
Armour         | 5 6 |  6.3
Shields        | |  3.6

Action                   |  1- 3 |  4- 6 |  7- 9 | 10-12 | 13-15 || total
-------------------------+-------+-------+-------+-------+-------++-------
Melee: Long sword        |    99 |   119 |   524 |   668 |   150 ||  1560
       Headbutt          |    13 |    21 |   103 |   138 |    25 ||   300
       Peck              |       |     6 |   110 |   122 |    35 ||   273
Invok: Lesser Servant of |       |       |       |    41 |       ||    41
       Minor Destruction |       |       |       |    10 |       ||    10
Evoke: Wand              |       |       |     1 |       |       ||     1
  Use: Scroll            |     1 |    13 |     7 |    11 |       ||    32
       Potion            |       |     4 |     3 |     7 |     1 ||    15
 Stab: Distracted        |       |       |       |     1 |       ||     1
  Eat: Chunk             |       |     6 |    14 |    27 |     3 ||    50
       Royal jelly       |       |       |       |     1 |       ||     1
       Pizza             |       |       |       |     1 |       ||     1
Armor: Scale mail        |    32 |    38 |   112 |       |       ||   182
       Ring mail         |       |       |    40 |   214 |    49 ||   303
Dodge: Dodged            |    23 |    26 |   114 |   159 |    47 ||   369
Block: Shield            |    47 |    31 |   174 |   261 |    79 ||   592
